 Dungeon Crawl Stone Soup version 0.15-a0-39-g424acf8 (webtiles) character file.

173 Psiweapon the Changer (level 4, -2/32 HPs)
             Began as a Merfolk Transmuter on Apr 2, 2014.
             Shot with an arrow of flame by a centaur (22 damage)
             ... on Level 5 of the Dungeon.
             The game lasted 00:11:17 (2475 turns).

Psiweapon the Changer (Merfolk Transmuter)          Turns: 2475, Time: 00:11:18

HP  -2/32        AC  2     Str 10      XL: 4   Next: 50%
MP   6/7         EV 13     Int 13      God:
Gold 87          SH  0     Dex 14      Spells:  1 memorised,  6 levels left

rFire  . . .     SeeInvis .       - Unarmed
rCold  + . .     Clarity  .     c - +0 robe
rNeg   . . .     Conserve .     (no shield)
rPois  .         rCorr    .     (helmet restricted)
rElec  .         rRot     .     (no cloak)
SustAb . .       Spirit   .     (no gloves)
rMut   .         Warding  .     (no boots)
Saprov . . .     Stasis   .     (no amulet)
MR     .....                    (no ring)
                                m - ring of protection from cold {unknown}

@: appendage, not resistant to hostile enchantments, unstealthy
A: change form in water, swift swim, horns 2
a: End Transformation


You were on level 5 of the Dungeon.
You were not hungry.
You had grown temporary horns.
You visited 1 branch of the dungeon, and saw 5 of its levels.

You collected 87 gold pieces.

Inventory:

Hand weapons
 e - a +0,+0 spear
 A - a +0,+0 quarterstaff
Missiles
 b - 12 arrows
 p - 13 poisoned needles
 q - 20 stones (quivered)
 v - 20 sling bullets
Armour
 c - a +0 robe (worn)
 j - a +1 scale mail
 y - a +1 helmet
 B - a +0 leather armour
Comestibles
 a - 2 bread rations
 k - a meat ration
 z - an apple
Scrolls
 f - a scroll of recharging {unknown}
 i - a scroll of fog {unknown}
 n - a scroll of fear {unknown}
 r - a scroll of identify {unknown}
 t - a scroll of remove curse {unknown}
 w - a scroll of immolation {unknown}
 x - a scroll of enchant weapon II {unknown}
Jewellery
 m - a ring of protection from cold (left hand) {unknown}
 u - an uncursed ring of fire
Potions
 g - a potion of haste {unknown}
 h - a potion of brilliance {unknown}
 l - a potion of restore abilities {unknown}
 o - 2 potions of curing
 s - a potion of heal wounds
Books
 d - a book of Changes

   Spells                             Type                      Level
   *Beastly Appendage                 Transmutation                1
   Sticks to Snakes                   Transmutation                2
   Spider Form                        Transmutation/Poison         3
   Ice Form                           Ice/Transmutation            4
   Blade Hands                        Transmutation                5


   Skills:
 - Level 1.1 Fighting
 - Level 2.6 Dodging
 + Level 4.3 Unarmed Combat
 - Level 2.0 Spellcasting
 + Level 5.0 Transmutations


You had 6 spell levels left.
You knew the following spells:

 Your Spells              Type           Power        Failure   Level  Hunger
a - Beastly Appendage     Trmt           ##....       3%          1    ##.....


Dungeon Overview and Level Annotations

Branches:
Dungeon (5/15)
 Temple: D:4-7

Altars:

Annotations:
D:4 Grinder


Innate Abilities, Weirdness & Mutations

You revert to your normal form in water.
You are very nimble and swift while swimming.
You have a pair of horns on your head.


Message History

The bat hits you but does no damage.
You barely miss the bat. The bat closely misses you.
You're too inexperienced to learn that spell!
A bat is nearby!
The bat hits you but does no damage.
A centaur comes into view.
The centaur shouts!
The bat hits you.
The centaur wields a glowing bow.
It bursts into flame!
The centaur shoots an arrow of flame.
The arrow of flame misses you. The bat hits you but does no damage.
You see here an arrow.
The bat misses you.
The centaur shoots an arrow of flame.
The arrow of flame hits you!
One of your 2 scrolls labeled JUOLAE FEOGAOQA catches fire!
You see here an arrow.
The bat hits you.
The centaur shoots an arrow of flame.
The arrow of flame hits you!
The centaur shoots an arrow of flame.
The arrow of flame hits you!
Ouch! That really hurt!
You die...

#. ### .#. #.#
..###.### ..
#.......# ..
...#..c....#...
...............
.............#
........@.#
.........b###
.........(.##
.........##.#
.........#.###
...........<#
..........<#
.........##<#
........# ##


You could see a centaur and a bat.

Vanquished Creatures
  2 adders (D:2)
  A giant mite (D:2)
  A shadow imp (D:5)
  A worm (D:5)
  A giant gecko (D:2)
  An ooze (D:1)
  8 hobgoblins
  4 jackals
  8 bats
  A giant cockroach (D:2)
  3 giant newts
  3 goblins (D:1)
  A jackal skeleton (D:5)
  6 kobolds
  6 rats
47 creatures vanquished.

Notes
Turn   | Place    | Note
--------------------------------------------------------------
     0 | D:1      | Psiweapon, the Merfolk Transmuter, began the quest for the Orb.
     0 | D:1      | Reached XP level 1. HP: 15/15 MP: 3/3
   116 | D:1      | Reached XP level 2. HP: 14/21 MP: 2/4
   529 | D:1      | Reached skill level 4 in Transmutations
   589 | D:1      | Reached XP level 3. HP: 21/26 MP: 6/6
  1588 | D:2      | Reached XP level 4. HP: 25/32 MP: 5/7
  2251 | D:3      | Noticed an orc warrior
  2281 | D:4      | Upgraded the game from 0.15-a0-35-ga771cbd to 0.15-a0-39-g424acf8
  2291 | D:4      | Noticed Grinder
  2294 | D:4      | Paralysed by Grinder for 5 turns
  2308 | D:5      | Entered Level 5 of the Dungeon
  2320 | D:5      | Reached skill level 5 in Transmutations
  2473 | D:5      | Noticed a centaur
  2475 | D:5      | Shot with an arrow of flame by a centaur

Action                   |  1- 3 |  4- 6 || total
-------------------------+-------+-------++-------
Melee: Unarmed           |   139 |    42 ||   181
Throw: Stone             |    18 |     2 ||    20
 Cast: Beastly Appendage |    22 |     6 ||    28
  Use: Potion            |       |     2 ||     2
